AoeStats
← cccccccccc

Black Forest

510085791Analyzed
4v4 RM · 1d ago on Sep 29, 2026· 56m 23s· 8 players
Game mode
Random Map
Map size
Large (8 player)
Population
200
Speed
Normal
Resources
Standard
Victory
Conquest
Starting age
Dark Age
Ending age
Imperial Age
RankedLock teamsTeams togetherTeam positionsShared explorationLock speedFull tech treeHidden civsTurbo modeCheats
Victory
Defeat
🇮🇳 Magyars · India
1479
+14
🇨🇳 Poles · China
1446
+16
🇹🇼 Persians · Taiwan
1440
+16
🇨🇳 Spanish · China
1427
+17
🇹🇼 Danes · Taiwan
1491
-18
🇹🇼 Khmer · Taiwan
1466
-17
🇹🇼 Gurjaras · Taiwan
1460
-16
🇹🇼 Mongols · Taiwan
1352
-12
Wolfsbane
1:00 Loom
10:42 Feudal Age
12:06 Double-Bit Axe
13:17 Wheelbarrow
15:16 Scale Barding Armor
15:44 Horse Collar
20:16 Castle Age
20:09 Fletching
20:20 Padded Archer Armor
20:45 Gold Mining
21:36 Bodkin Arrow
23:06 Bloodlines
26:56 Bow Saw
36:03 Imperial Age
35:44 Husbandry
36:56 Bracer
37:12 Leather Archer Armor
37:22 Thumb Ring
38:18 Parthian Tactics
38:36 Ballistics
39:17 Chemistry
40:34 Two-Man Saw
39:39 Heavy Plow
40:07 Heavy Cavalry Archer
41:18 Ring Archer Armor
41:14 Conscription
41:10 Recurve Bow
41:27 Caravan
42:34 Crop Rotation
52:04 Hoardings
51:46 Masonry
51:18 Treadmill Crane
53:53 Gold Shaft Mining
53:09 Stone Mining
52:50 Capped Ram
52:53 Onager
123456
11:06 Feudal Age
11:31 Loom
20:27 Fletching
40:05 Castle Age
40:56 Light Cavalry
43:06 Husbandry
46:47 Wheelbarrow
47:09 Gold Mining
48:31 Caravan
57:04 Imperial Age
卫星点灯
11:13 Feudal Age
15:28 Castle Age
13:27 Double-Bit Axe
13:53 Horse Collar
15:46 Wheelbarrow
16:19 Bow Saw
17:03 Scale Barding Armor
16:26 Light Cavalry
21:44 Bloodlines
23:57 Chain Barding Armor
24:21 Loom
25:14 Heavy Plow
26:33 Gold Mining
27:41 Husbandry
28:52 Forging
30:19 Szlachta Privileges
34:42 Iron Casting
35:27 Hand Cart
38:56 Imperial Age
37:26 Fortified Wall
48:45 Imperial Age
51:17 Crop Rotation
52:47 Stone Mining
53:28 Scale Mail Armor
54:29 Fletching
yclin124
9:50 Feudal Age
14:02 Castle Age
13:11 Double-Bit Axe
13:10 Horse Collar
16:55 Loom
19:48 Wheelbarrow
22:12 Bow Saw
23:39 Heavy Plow
23:35 Gold Mining
28:55 Imperial Age
26:32 Stone Mining
27:29 Masonry
27:23 Scale Mail Armor
27:16 Fletching
28:25 Gold Shaft Mining
28:48 Hand Cart
28:18 Town Watch
28:41 Scale Barding Armor
29:42 Chain Barding Armor
29:33 Forging
30:41 Crop Rotation
31:02 Conscription
31:19 Plate Barding Armor
30:47 Husbandry
30:57 Bloodlines
31:47 Iron Casting
31:26 Caravan
34:05 Elite War Elephant
36:40 Coinage
39:37 Blast Furnace
38:33 Bodkin Arrow
40:44 Town Watch
48:03 Banking
48:42 Cavalier
54:39 Town Patrol
55:41 Two-Man Saw
BBBBBBBB
9:32 Feudal Age
13:21 Castle Age
12:13 Double-Bit Axe
14:32 Gold Mining
16:37 Sanctity
17:56 Loom
25:08 Redemption
25:26 Bow Saw
27:00 Fervor
28:24 Herbal Medicine
36:35 Caravan
37:55 Town Watch
39:20 Scale Barding Armor
41:09 Forging
42:36 Iron Casting
42:21 Chain Barding Armor
45:24 Imperial Age
46:32 Gold Shaft Mining
45:48 Stone Mining
46:47 Conscription
47:05 Plate Barding Armor
47:55 Theocracy
49:31 Wheelbarrow
49:49 Bloodlines
49:39 Husbandry
49:01 Elite Shrivamsha Rider
49:24 Heavy Camel Rider
50:51 Scale Mail Armor
50:43 Fletching
52:13 Kshatriyas
53:57 Frontier Guards
55:16 Stone Shaft Mining
57:53 Chemistry
cccccccccc
11:22 Feudal Age
14:22 Castle Age
12:12 Double-Bit Axe
12:44 Horse Collar
15:47 Bow Saw
16:08 Heavy Plow
24:19 Wheelbarrow
25:22 Hand Cart
26:17 Scale Barding Armor
29:49 Imperial Age
28:03 Scale Barding Armor
28:02 Husbandry
28:15 Forging
29:13 Bloodlines
29:31 Chain Barding Armor
31:05 Iron Casting
31:18 Elite Battle Elephant
32:03 Tusk Swords
32:25 Conscription
33:12 Plate Barding Armor
33:37 Blast Furnace
34:50 Gold Mining
40:03 Heavy Scorpion
42:25 Double Crossbow
55:27 Pikeman
炫瘋貓
1:15 Loom
10:31 Feudal Age
16:32 Castle Age
22:42 Fletching
24:45 Padded Archer Armor
25:36 Horse Collar
25:42 Double-Bit Axe
27:13 Leather Archer Armor
36:00 Imperial Age
34:23 Wheelbarrow
46:35 Light Cavalry
47:25 Husbandry
54:42 Hand Cart
誰都打不過
1:44 Loom
10:33 Feudal Age
12:23 Double-Bit Axe
14:19 Fletching
16:29 Padded Archer Armor
22:25 Castle Age
21:39 Gold Mining
21:31 Horse Collar
22:28 Crossbowman
23:04 Bodkin Arrow
23:22 Bow Saw
24:53 Pikeman
27:08 Scale Mail Armor
28:22 Chain Mail Armor
32:07 Gambesons
33:38 Arson
33:56 Squires
36:25 Forging
37:28 Gold Shaft Mining
42:33 Wheelbarrow
44:37 Imperial Age
45:13 Stone Mining
45:09 Heavy Scorpion
46:11 Ballistics
46:51 Chemistry
46:26 Hand Cart
46:47 Onager
46:55 Hamask
47:35 Northmen's Fury
49:13 Siege Engineers
49:39 Siege Onager
53:52 Caravan
Connection lost

Rejoining the realm…

Still unreachable

The connection could not be restored.

Session expired

The server has moved on; the page needs a fresh start.